 Dungeon Crawl Stone Soup version 0.30-a0-272-gf98c3da03f (webtiles) character file.

Game seed: 8487814207564313030

8304 brightshaft the Carver (level 10, -3/86 HPs)
             Began as a Demigod Gladiator on Oct 15, 2022.
             Slain by an elephant (4 damage)
             ... on level 1 of the Lair of Beasts on Oct 16, 2022.
             The game lasted 00:23:10 (11865 turns).

brightshaft the Carver (Demigod Gladiator)         Turns: 11865, Time: 00:23:10

Health: -3/86      AC: 14    Str: 15    XL:     10   Next: 81%
Magic:  13/13      EV: 17    Int: 10    God:
Gold:   711        SH:  0    Dex: 27    Spells: 9/9 levels left

rFire   . . .      SeeInvis +    b - +3 great sword
rCold   . . .      Faith    .    (shield currently unavailable)
rNeg    + . .      Spirit   .    v - +2 ring mail {rPois}
rPois   +          Reflect  .    c - +2 helmet
rElec   .          Harm     .    p - +0 cloak
rCorr   .          Rampage  .    (no gloves)
Will    +....                    o - +1 pair of boots
Stlth   +.........               (no amulet)
HPRegen 0.34/turn                n - ring of positive energy
MPRegen 0.13/turn                F - ring of see invisible

@: no status effects
A: high MP 1, forlorn, divine attributes
a: no special abilities


You were on level 1 of the Lair of Beasts.
You visited 2 branches of the dungeon, and saw 11 of its levels.
You also visited: Ossuary.

You collected 711 gold pieces.

Inventory:

Hand Weapons
 a - a +1 scimitar of flaming
 b - a +3 great sword (weapon)
 j - a +0 arbalest
 l - a +1 dagger of electrocution
 y - a +3 sling
Missiles
 q - 13 boomerangs (quivered)
Armour
 c - a +2 helmet (worn)
 d - a +0 buckler
 g - a +0 tower shield
 k - a +0 chain mail
 o - a +1 pair of boots (worn)
 p - a +0 cloak (worn)
 v - a +2 ring mail of poison resistance (worn)
Jewellery
 n - a ring of positive energy (left hand)
 F - a ring of see invisible (right hand)
 L - a ring of flight
Wands
 f - a wand of acid (10)
 u - a wand of mindburst (14) {@v3}
 D - a wand of flame (1) {@v2}
 I - a wand of roots (4)
 P - a wand of digging (5)
Scrolls
 h - 3 scrolls of noise
 m - 7 scrolls of teleportation {@r4}
 w - 6 scrolls of fog
 x - 2 scrolls of blinking
 A - 3 scrolls of amnesia
 G - 5 scrolls of identify {@r1}
 O - a scroll of poison
 Q - a scroll of enchant weapon {unknown}
Potions
 e - a potion of haste {@q3}
 i - 2 potions of cancellation
 r - 2 potions of flight
 s - 3 potions of might
 t - a potion of invisibility {unknown}
 z - 6 potions of attraction {unknown}
 B - 3 potions of lignification {unknown}
 C - 3 potions of mutation {unknown}
 E - a potion of resistance {unknown}
 H - 3 potions of berserk rage {unknown}
 J - 3 potions of heal wounds {unknown}
 K - 2 potions of ambrosia
 M - 2 potions of degeneration {unknown}
 N - 5 potions of brilliance {unknown}


   Skills:
 + Level 7.2 Fighting
 * Level 11.4 Long Blades
 - Level 1.7 Throwing
 + Level 4.7 Armour
 + Level 7.5 Dodging
 - Level 2.1 Shields


You had 9 spell levels left.
You didn't know any spells.
Your spell library contained the following spells:

 Spells                   Type           Power      Damage    Failure   Level
 Freeze                   Ice            0%         1d3       56%         1
 Cigotuvi's Dreadful Rot  Necr/Pois/Air  0%         N/A       71%         2
 Ensorcelled Hibernation  Hex/Ice        0%         N/A       71%         2
 Passwall                 Tmut/Erth      0%         N/A       71%         2
 Poisonous Vapours        Pois/Air       0%         N/A       71%         2
 Frozen Ramparts          Ice            0%         1d1       91%         3
 Hailstorm                Conj/Ice       0%         3d3       91%         3
 Ignite Poison            Fire/Tmut/Pois 0%         N/A       91%         3
 Kindle Blastsparks       Fire/Tloc/Air  0%         2d10      91%         3
 Mephitic Cloud           Conj/Pois/Air  0%         N/A       91%         3
 Swiftness                Air            0%         N/A       91%         3
 Ice Form                 Ice/Tmut       0%         N/A       100%        4
 Summon Ice Beast         Ice/Summ       0%         N/A       100%        4
 Freezing Cloud           Conj/Ice/Air   0%         6-21      100%        5


Dungeon Overview and Level Annotations

Branches:
Dungeon (10/15)            Temple (0/1) D:6            Lair (1/5) D:8
Ossuary (visited)
    Orc: D:9-12

Shops:
D:3 (*   D:5 ?

Annotations:
D:7 2 transporters, ChongLi's ghost, novice NaVM
D:8 2 runed translucent doors, themarg's ghost, novice MiMo
D:10 Urug


Innate Abilities, Weirdness & Mutations

You have an increased reservoir of magic. (+10% MP)
You shall have no god before yourself.
Your divine heritage dramatically boosts your attributes as you level up.


Message History

The elephant closely misses you.
You slash the wyvern!
The wyvern is heavily wounded.
The wyvern bites you!
* * * LOW HITPOINT WARNING * * *
The wyvern closely misses you. The elephant barely misses you.
The elephant misses you.
You barely miss the wyvern.
The wyvern is heavily wounded.
The wyvern bites you!
* * * LOW HITPOINT WARNING * * *
The elephant tramples you.
* * * LOW HITPOINT WARNING * * *
You hold your ground!
The elephant trunk-slaps you but does no damage.
The wyvern bites you but does no damage.
You slice the wyvern!!
You kill the wyvern!
The elephant tramples you but does no damage.
The elephant misses you.
You slash the elephant!
The elephant is moderately wounded.
The elephant closely misses you.
The elephant trunk-slaps you but does no damage.
The elephant tramples you but does no damage.
The elephant trunk-slaps you but does no damage.
You slash the elephant!
The elephant is moderately wounded.
The elephant tramples you but does no damage.
The elephant trunk-slaps you but does no damage.
The elephant tramples you!
* * * LOW HITPOINT WARNING * * *
You hold your ground!
The elephant trunk-slaps you but does no damage.
You barely miss the elephant.
The elephant is moderately wounded.
The elephant barely misses you. The elephant trunk-slaps you.
* * * LOW HITPOINT WARNING * * *
The elephant tramples you.
You die...

#....# ###.$#
#..## #####
#...# #.#.#
##..# ##.###
#..###....###
##..##......#
##YY#.......#
.
#@YY#.......#
.####
###.........#
..#.###
#........##
......###
#........##
........#
##.....#..#
........#
#....#####
........#
#..†##
.......##
##..##
..<.....#
#...#


You could see 4 elephants.

Vanquished Creatures
  Erica (D:8)
  A hydra (Lair:1)
  A two-headed ogre (D:9)
  2 elephants (Lair:1)
  Joseph (D:8)
  A komodo dragon (D:8)
  A slime creature (D:9)
  A wraith (D:8)
  2 wyverns
  2 steam dragons
  A water moccasin (Lair:1)
  A sky beast (D:6)
  4 orc warriors
  2 ice beasts
  A black bear (D:5)
  2 centaurs (D:8)
  A phantom (D:5)
  4 kobold brigands
  2 gnoll sergeants (D:8)
  2 bullfrogs
  4 necrophages
  5 scorpions
  2 water moccasin zombies (Ossuary)
  10 wights
  7 killer bees
  A howler monkey (D:6)
  2 electric eels (D:10)
  2 lava snakes (D:9)
  A crimson imp (D:5)
  4 hounds
  4 jellies
  A gnoll bouda (D:7)
  7 orc priests
  2 iguanas
  5 orc wizards
  Ijyb (D:3)
  2 mummies (Ossuary)
  Robin (D:4)
  13 gnolls
  A river rat (D:3)
  7 adders
  A white imp (D:6)
  4 adder zombies (Ossuary)
  2 worms (D:3)
  3 dart slugs
  36 orcs
  9 bats
  6 endoplasms
  A giant cockroach (D:4)
  20 goblins
  14 hobgoblins
  9 jackals
  31 kobolds
  6 quokkas
  6 ball pythons
  2 frilled lizards (D:2)
  4 gnoll zombies (Ossuary)
  3 hobgoblin zombies (Ossuary)
  2 kobold zombies (Ossuary)
  6 orc zombies (Ossuary)
  11 rats
  2 rat zombies (D:7)
293 creatures vanquished.

Vanquished Creatures (others)
  3 kobolds
  A fungus (Lair:1)
  71 plants
75 creatures vanquished.

Grand Total: 368 creatures vanquished

Notes
Turn   | Place    | Note
-------+----------+-------------------------------------------
     0 | D:1      | brightshaft the Demigod Gladiator began the quest for the
                  | Orb.
     0 | D:1      | Reached XP level 1. HP: 17/17 MP: 3/3
    41 | D:1      | Reached skill level 3 in Long Blades
   313 | D:1      | Reached XP level 2. HP: 24/24 MP: 4/4
   989 | D:2      | Reached XP level 3. HP: 29/29 MP: 5/5
  1022 | D:2      | Reached skill level 4 in Long Blades
  1655 | D:3      | Found Itifurph's Assorted Antiques.
  1713 | D:3      | Reached XP level 4. HP: 36/36 MP: 6/6
  2003 | D:3      | Found Cuguosch's Weapon Shoppe.
  2046 | D:3      | Noticed Ijyb
  2060 | D:3      | Killed Ijyb
  2061 | D:3      | Reached skill level 5 in Long Blades
  2272 | D:3      | Found a glowing drain.
  2934 | D:4      | Reached XP level 5. HP: 38/41 MP: 7/7
  3091 | D:4      | Reached skill level 6 in Long Blades
  3393 | D:4      | Noticed Robin
  3410 | D:4      | Reached XP level 6. HP: 32/43 MP: 8/8
  3431 | D:4      | Killed Robin
  4004 | D:5      | Entered Level 5 of the Dungeon
  4082 | D:5      | Reached skill level 7 in Long Blades
  4259 | D:5      | Reached XP level 7. HP: 50/53 MP: 9/9
  4378 | D:5      | Reached skill level 8 in Long Blades
  4475 | D:5      | Found Lionef's Magic Scroll Emporium.
  4785 | D:5      | Reached skill level 9 in Long Blades
  5372 | D:6      | Reached XP level 8. HP: 51/59 MP: 10/10
  5468 | D:6      | Found a staircase to the Ecumenical Temple.
  6018 | D:6      | Reached skill level 10 in Long Blades
  6218 | D:7      | Found a sand-covered staircase.
  6225 | Ossuary  | Entered an ossuary
  6652 | D:7      | Noticed a queen bee
  6653 | D:7      | Found a transporter.
  6657 | D:7      | Noticed ChongLi's ghost (novice NaVM)
  6658 | D:7      | Found a transporter.
  7047 | D:7      | Reached skill level 11 in Long Blades
  7586 | D:8      | Noticed Erica
  7611 | D:8      | HP: 2/61 [poisoned by Erica (bolt of poison)]
  7619 | D:8      | Killed Erica
  7620 | D:8      | Reached skill level 1 in Armour
  7620 | D:8      | Reached skill level 1 in Shields
  7620 | D:8      | Reached XP level 9. HP: 23/70 MP: 11/11
  8316 | D:8      | Reached skill level 5 in Dodging
  8486 | D:8      | Noticed Joseph
  8514 | D:8      | Killed Joseph
  8758 | D:8      | Found a large runed translucent door.
  8759 | D:8      | Found a large runed translucent door.
  8761 | D:8      | Noticed themarg's ghost (novice MiMo)
  8764 | D:8      | Noticed a komodo dragon
  8775 | D:8      | Killed a komodo dragon
  8776 | D:8      | Reached skill level 5 in Fighting
  8917 | D:8      | Found a staircase to the Lair.
  9407 | D:9      | Reached XP level 10. HP: 81/81 MP: 13/13
 10107 | D:9      | Noticed a two-headed ogre
 10113 | D:9      | Killed a two-headed ogre
 10480 | D:10     | Entered Level 10 of the Dungeon
 11061 | D:10     | Noticed Urug
 11380 | D:10     | HP: 4/84 [Urug/javelin (15)]
 11693 | Lair:1   | Entered Level 1 of the Lair of Beasts
 11693 | Lair:1   | Noticed a four-headed hydra
 11698 | Lair:1   | Killed a one-headed hydra
 11833 | Lair:1   | Noticed an elephant
 11834 | Lair:1   | Noticed an elephant
 11835 | Lair:1   | Noticed an elephant
 11835 | Lair:1   | Noticed an elephant
 11836 | Lair:1   | Noticed an elephant
 11839 | Lair:1   | Noticed an elephant
 11848 | Lair:1   | Killed an elephant
 11857 | Lair:1   | Killed an elephant
 11864 | Lair:1   | HP: 1/86 [elephant (9)]
 11865 | Lair:1   | Slain by an elephant

Illustrated notes

Levels and vault maps discovered:
D:1:      pf_arrival_petrified_forest, layout_loops_ring,
          shapermc_ecumenical_altar_mp_ritualfount
D:2:      layout_basic, kennysheep_cross_bottleneck
D:3:      layout_loops_ring, cheibrodos_sewer_entry_sluice, serial_shops,
          nicolae_diamond_shop, nicolae_shop_bloodbath_and_beyond,
          serial_bayou_lagoon_a, minivault_24, minivault_23, minivault_25,
          minmay_ruptured, uniq_ijyb
D:4:      kennysheep_goblin_castle, layout_loops_ring, minmay_cut_off,
          uniq_robin
D:5:      layout_basic, grunt_temple_overflow_lords_of_destruction,
          tso_oasis_becter, serial_co_window_serial, co_window_paths_a,
          co_window_paths_a, co_window_of_opportunity_a, co_window_corner_a,
          co_window_of_opportunity_a, co_window_corner_b, co_window_cross_4,
          co_window_paths_c, co_window_2corner, glass_columns_a,
          glass_columns_c, glass_columns_c, serial_shops, nicolae_stop_n_shop_1
D:6:      cheibrodos_thug_alley, layout_basic, okawaru_gym_becter,
          minmay_temple_entry_grid
D:7:      layout_basic, mainiacjoe_overflow_24_doors, gammafunk_ghost_hive,
          enter_bailey_2, enter_ossuary_4
D:8:      layout_loops_ring, overflow_temple_1_default,
          grunt_temple_overflow_open, david_lair_shrubbed,
          ebering_ghost_disaster_area, grunt_ministairs_6,
          minmay_fractal_squares_gapless_5, uniq_joseph, uniq_erica
D:9:      layout_stronghold, kennysheep_little_box,
          mainiacjoe_overflow_boulevard, kennysheep_decorative_pillar,
          lightli_fourway_metalbox
D:10:     layout_basic, mainiacjoe_overflow_alcove_1, david_orc_3, hex_tiny,
          uniq_urug
Lair:1:   layout_cave_pods, grunt_forest_small_clearing_treed,
          grunt_megastairs_2, infiniplex_staircase_pool

Skill      XL: |  1  2  3  4  5  6  7  8  9 10 |
---------------+-------------------------------+-----
Long Blades    | 3 4 5 6 7 9 11 | 11.4
Fighting       | 3 5 7 |  7.2
Armour         | 1 3 4 |  4.7
Dodging        | 3 5 7 |  7.5
Shields        | 1 2 |  2.1
Throwing       | |  1.7

Action                   |  1- 3 |  4- 6 |  7- 9 | 10-12 || total
-------------------------+-------+-------+-------+-------++-------
Melee: Long sword        |   143 |   221 |   384 |       ||   748
       Punch             |     2 |     1 |       |       ||     3
       Great sword       |       |       |    90 |   138 ||   228
       Scimitar          |       |       |    37 |     4 ||    41
Throw: Throwing net      |       |     3 |     2 |       ||     5
       Javelin           |       |       |     1 |       ||     1
       Boomerang         |       |       |       |     2 ||     2
  Use: Scroll            |     4 |     9 |     3 |     1 ||    17
       Potion            |       |     1 |     3 |     1 ||     5
 Stab: Sleeping          |     1 |       |     2 |       ||     3
       Held in net/web   |       |     2 |       |       ||     2
Armor: Leather armour    |     3 |       |       |       ||     3
       Ring mail         |    31 |   124 |   213 |    91 ||   459
       Chain mail        |    27 |       |       |       ||    27
       Scale mail        |     9 |    19 |       |       ||    28
Dodge: Dodged            |    82 |   186 |   282 |   216 ||   766
Block: Buckler           |       |    46 |    86 |       ||   132

Table legend: (Time is in decaauts)
 A = Elapsed time spent in this place.
 B = Non-inter-level travel time spent in this place.
 C = Inter-level travel time spent in this place.
 D = Time resting spent in this place.
 E = Time spent auto-exploring this place.
 F = Levels seen in this place.
 G = Mean time per level.
                   A        B        C        D        E       F      G
               +--------+--------+--------+--------+--------+-----+--------+
         Total |  11955 |  11474 |    481 |      0 |   8921 |  12 |  996.2 |
       Dungeon |  11588 |  11107 |    481 |      0 |   8716 |  10 | 1158.8 |
          Lair |    173 |    173 |      0 |      0 |    119 |   1 |  173.0 |
       Ossuary |    193 |    193 |      0 |      0 |     86 |   1 |  193.0 |
               +--------+--------+--------+--------+--------+-----+--------+

Top non-repeatable levels by time:
     D:7: 1489 daAuts
     D:9: 1481 daAuts
     D:8: 1451 daAuts
     D:4: 1320 daAuts
     D:5: 1275 daAuts
     D:3: 1236 daAuts
    D:10: 930 daAuts
     D:2: 826 daAuts
     D:6: 805 daAuts
     D:1: 772 daAuts
 Ossuary: 193 daAuts
  Lair:1: 173 daAuts
